 Dungeon Crawl Stone Soup version 0.24-a0-584-g9d6b971ae4 (webtiles) character file.

Game seed: 3036583236777414564, levelgen mode: deterministic

179 Eightlegvermin the Insei (level 5, 0/33 HPs)
             Began as an Octopode Transmuter on Aug 31, 2019.
             Killed from afar by an orc wizard (8 damage)
             ... with a magic dart
             ... on level 2 of the Dungeon.
             The game lasted 00:11:54 (2729 turns).

Eightlegvermin the Insei (Octopode Transmuter)      Turns: 2729, Time: 00:11:56

Health: 0/33       AC:  2    Str:  9    XL:     5   Next: 59%
Magic:  5/8        EV: 35    Int: 16    God:
Gold:   78         SH:  0    Dex: 24    Spells: 2/8 levels left

rFire    . . .     SeeInvis .     - Unarmed
rCold    . . .     Gourm    .   (shield currently unavailable)
rNeg     . . .     Faith    .   (helmet currently unavailable)
rPois    x         Spirit   .   q - amulet of the acrobat
rElec    .         Reflect  .   i - +6 ring of dexterity
rCorr    .         Harm     .   (no ring)
MR       .....                  (no ring)
Stlth    +++.......             (no ring)
HPRegen  0.11/turn              (no ring)
MPRegen  0.11/turn              (no ring)
                                (no ring)
                                (no ring)

@: spider-form (expiring), acrobat, slowed, very slow
A: tiny, almost no armour, stealthy swim, (amphibious), 8 rings, (constrict 8)
a: End Transformation


You were on level 2 of the Dungeon.
You were hungry.
You were a venomous arachnid creature.
You visited 1 branch of the dungeon, and saw 3 of its levels.

You collected 78 gold pieces.

Inventory:

Missiles
 a - 31 arrows
Jewellery
 i - a +6 ring of dexterity (left front leg)
 q - an amulet of the acrobat (around neck)
Scrolls
 e - 2 scrolls of blinking
 f - a scroll of remove curse
 g - a scroll of teleportation {unknown}
 j - a scroll of fog {unknown}
 k - a scroll of amnesia {unknown}
 l - 2 scrolls of identify {unknown}
 n - a scroll of magic mapping {unknown}
Potions
 b - a potion of degeneration {unknown}
 d - a potion of agility {unknown}
 h - a potion of ambrosia {unknown}
 o - 2 potions of curing {unknown}
 p - a potion of brilliance {unknown}
Comestibles
 c - 5 rations
 m - 4 chunks of flesh


   Skills:
 - Level 1.0 Fighting
 - Level 2.0 Dodging
 - Level 3.1 Stealth
 + Level 4.9 Unarmed Combat
 - Level 2.0 Spellcasting
 + Level 3.2 Transmutations
 + Level 0.1 Poison Magic


You had 2 spell levels left.
You knew the following spells:

 Your Spells              Type           Power        Failure   Level  Hunger
a - Beastly Appendage     Tmut           ##....       16%         1    #......
b - Sticks to Snakes      Tmut           ##......     22%         2    ###....
c - Spider Form           Tmut/Pois      #.........   52%         3    ###....

Your spell library contained the following spells:

 Spells                   Type           Power        Failure   Level  Hunger
 Ice Form                 Ice/Tmut       #.......     87%         4    #####..
 Blade Hands              Tmut           ##........   94%         5    ######.


Dungeon Overview and Level Annotations

Branches:
Dungeon (3/15)

Altars:
Dithmenos

Annotations:
D:2 exclusion: downstairs
D:3 Terence


Innate Abilities, Weirdness & Mutations

You cannot wear most types of armour.
You are very stealthy in the water. (Stealth+)
((You are amphibious.))
You can wear up to eight rings at the same time.
((You can use your tentacles to constrict eight enemies at once.))
((Your skin changes colour to match your surroundings (Stealth+).))
((Your rubbery body absorbs attacks. (AC +1, EV +1)))


Message History

Confirm with . or Enter, or press ? or * to list all spells.
Your tentacle spike disappears.
You turn into a venomous arachnid creature.
The orc priest barely misses you.
The orc wizard mumbles some strange words.
The orc wizard blinks!
The orc priest calls down the wrath of Beogh upon you.
Pain shoots through your body!
You hit the orc priest but do no damage.
The orc priest is poisoned.
You are feeling hungry.
The orc priest hits you with a +0 mace.
* * * LOW HITPOINT WARNING * * *
The orc wizard barely misses you.
You see here an uncursed ring of teleportation.
Your transformation is almost over.
The orc priest completely misses you. The orc wizard casts a spell at you.
The magic dart hits you!
You die...

###### .....## ......##
############ .......#
#..........# .......#
##########..........# ...[...#
#.......##..........#
.......####......(##..........#
..................##......>...###
.......###.....os.)...........#.#
......## ##...>o..##............#
.....## ##...)....#...........##
.##### ###.........#...<.......##
.# ##......................##. .#
#..##.......#.####......##. .#
#.######...##.####....####. ##
###.# #....#..........###. #
#...# ##..#..##.......#....


You could see an orc priest and an orc wizard.

Vanquished Creatures
  A howler monkey (D:2)
  An orc priest (D:3)
  Jessica (D:2)
  An adder (D:3)
  An ooze (D:1)
  2 worms
  2 dart slugs
  2 leopard geckos
  6 orcs
  A ball python (D:1)
  2 giant cockroaches (D:2)
  11 goblins
  3 hobgoblins
  A quokka (D:2)
  6 bats
  5 frilled lizards
  2 kobolds
  12 rats
60 creatures vanquished.

Notes
Turn   | Place    | Note
-------+----------+-------------------------------------------
     0 | D:1      | Eightlegvermin the Octopode Transmuter began the quest for
                  | the Orb.
     0 | D:1      | Reached XP level 1. HP: 13/13 MP: 3/3
   167 | D:1      | Reached skill level 1 in Stealth
   167 | D:1      | Reached XP level 2. HP: 13/18 MP: 3/5
   425 | D:1      | Reached XP level 3. HP: 13/23 MP: 6/6
   465 | D:1      | Learned a level 2 spell: Sticks to Snakes
   469 | D:1      | Learned a level 3 spell: Spider Form
  1083 | D:2      | Found a shadowy altar of Dithmenos.
  1180 | D:2      | Reached skill level 4 in Unarmed Combat
  1184 | D:2      | Noticed Jessica
  1194 | D:2      | Killed Jessica
  1194 | D:2      | Reached XP level 4. HP: 28/28 MP: 3/7
  1507 | D:2      | Reached XP level 5. HP: 20/33 MP: 8/8
  2501 | D:3      | Noticed Terence
  2729 | D:2      | Killed from afar by an orc wizard

Levels and vault maps discovered:
D:1:      eino_arrival_tree_alley, layout_loops_ring
D:2:      cheibrodos_old_hovel, layout_rooms,
          nicolae_dithmenos_through_a_glass_darkly, uniq_jessica
D:3:      layout_rooms, zin_purify, first_ration,
          hangedman_decor_clover_reticule, xom_teletrap_fun, uniq_terence

Skill      XL: |  1  2  3  4 |
---------------+-------------+-----
Stealth        | 1 3 |  3.1
Unarmed Combat | 4 |  4.9
Transmutations | 3 |  3.2
Fighting       | |  1.0
Dodging        | |  2.0
Spellcasting   | |  2.0
Poison Magic   | |  0.1

Action                   |  1- 3 |  4- 6 || total
-------------------------+-------+-------++-------
Melee: Unarmed           |    84 |    38 ||   122
       Constrict         |    23 |    15 ||    38
       Kick              |     9 |     9 ||    18
       Tentacles         |     6 |     7 ||    13
       Punch             |     2 |     2 ||     4
 Cast: Beastly Appendage |    16 |     7 ||    23
       Spider Form       |     1 |     2 ||     3
  Use: Scroll            |     2 |     1 ||     3
 Stab: Sleeping          |     6 |     3 ||     9
  Eat: Chunk             |     1 |     5 ||     6
Armor: Skin              |     5 |     1 ||     6
Dodge: Dodged            |    37 |    33 ||    70

Table legend:
 A = Non-vault XP
 B = Vault XP
 C = Vault XP percentage of total XP
 D = Non-vault monster count
 E = Vault monster count
 F = Vault count percentage of total count
                 A         B        C        D         E       F
            +---------+---------+-------+---------+---------+-------
      Total |     218 |      38 |  14.8 |      58 |       2 |   3.3
            +---------+---------+-------+---------+---------+-------
        D:1 |      49 |       0 |   0.0 |      25 |       0 |   0.0
        D:2 |      98 |      38 |  27.9 |      22 |       2 |   8.3
        D:3 |      71 |       0 |   0.0 |      11 |       0 |   0.0
            +---------+---------+-------+---------+---------+-------
